 Dungeon Crawl Stone Soup version 0.32-a0-960-g3814254bd7 (webtiles) character file.

Game seed: 12131321404291884766

210 Autsider the Sneak (level 5, 0/35 HPs)
             Began as a Vampire Enchanter on Apr 17, 2024.
             Slain by an iguana (9 damage)
             ... on level 4 of the Dungeon.
             The game lasted 00:05:09 (2261 turns).

Autsider the Sneak (Vampire Enchanter)              Turns: 2261, Time: 00:05:10

Health: 0/35       AC:  3    Str:  7    XL:     5   Next: 56%
Magic:  6/9        EV: 11    Int: 20    God:
Gold:   185        SH:  0    Dex: 14    Spells: 5/10 levels left

rFire   . . .        a - +1 dagger
rCold   + . .        (no shield)
rNeg    . . .        b - +0 robe
rPois   .            (no helmet)
rElec   .            u - +0 cloak
rCorr   .            (no gloves)
SInv    +            (no boots)
Will    .....        (no amulet)
Stlth   +++          p - ring of protection from cold
HPRegen 0.45/turn    (no ring)
MPRegen 0.11/turn

%: no passive effects
@: healing quickly
A: alive, fangs 3, see invisible, vampiric 2
a: Exsanguinate


You were on level 4 of the Dungeon.
You visited 1 branch of the dungeon, and saw 4 of its levels.

You collected 185 gold pieces.

Inventory:

Hand Weapons
 a - a +1 dagger (weapon)
 v - a +0 rapier
Missiles
 h - a throwing net (quivered)
 l - 5 curare-tipped darts
 q - 4 poisoned darts
Armour
 b - a +0 robe (worn)
 u - a +0 cloak (worn)
Jewellery
 p - a ring of protection from cold (left hand)
Wands
 r - a wand of paralysis (5)
Scrolls
 d - a scroll of acquirement {unknown}
 e - a scroll of fog {unknown}
 f - a scroll of fear {unknown}
 g - a scroll of revelation
 j - 2 scrolls of immolation {unknown}
 n - a scroll of vulnerability {unknown}
 o - 2 scrolls of teleportation {unknown}
 t - a scroll of enchant armour {unknown}
Potions
 c - 2 potions of invisibility
 i - a potion of brilliance {unknown}
 k - a potion of ambrosia {unknown}
 m - 3 potions of lignification {unknown}
 s - 2 potions of heal wounds {unknown}


   Skills:
 - Level 1.1 Short Blades
 - Level 2.1 Dodging
 + Level 6.5 Stealth
 + Level 3.0 Spellcasting
 + Level 6.2 Hexes
 - Level 2.0 Ice Magic


You had 5 spell levels left.
You knew the following spells:

 Your Spells              Type           Power      Damage    Failure   Level
a - Ensorcelled Hibernat  Hex/Ice        38%        N/A       4%          2
b - Confusing Touch       Hex            28%        N/A       3%          3

Your spell library contained the following spells:

 Spells                   Type           Power      Damage    Failure   Level
 Sigil of Binding         Hex            28%        N/A       3%          3
 Tukima's Dance           Hex            28%        N/A       3%          3
 Cause Fear               Hex            14%        N/A       11%         4
 Dazzling Flash           Conj/Hex       30%        N/A       12%         3
 Foxfire                  Conj/Fire      12%        2x1d4     14%         1
 Mercury Vapours          Alch/Air       6%         N/A       22%         2
 Anguish                  Hex/Necr       7%         N/A       36%         4
 Mephitic Cloud           Conj/Alch/Air  3%         N/A       38%         3
 Freezing Cloud           Conj/Ice/Air   2%         6-21      96%         5
 Plasma Beam              Fire/Air       1%         2x1d11    100%        6
 Starburst                Conj/Fire      1%         6d3       100%        6
 Enfeeble                 Hex            14%        N/A       100%        7


Dungeon Overview and Level Annotations

Branches:
Dungeon (4/15)
 Temple: D:4-7

Altars:


Innate Abilities, Weirdness & Mutations

Your natural rate of healing is accelerated.
You have razor-sharp teeth.
You have supernaturally acute eyesight. (SInv)
You are afflicted with vampirism and can become a bat while bloodless.


Message History

The web tears apart.
Casting: Ensorcelled Hibernation (safe; 4% risk of failure)
Confirm with . or Enter, or press ? or * to list all spells.
Aiming: Ensorcelled Hibernation (safe; 4% risk of failure)
Press: ? - help, Shift-Dir - straight line, f - ribbon worm
Aim: a ribbon worm (catching its breath, chance to affect: 61%)
The ribbon worm looks drowsy...
An iguana comes into view.
The helpless ribbon worm fails to defend itself.
You impale the ribbon worm!!
You kill the ribbon worm!
The iguana hisses angrily.
Casting: Ensorcelled Hibernation (safe; 4% risk of failure)
Confirm with . or Enter, or press ? or * to list all spells.
Aiming: Ensorcelled Hibernation (safe; 4% risk of failure)
Press: ? - help, Shift-Dir - straight line, f - iguana
Aim: an iguana (chance to affect: 61%)
The iguana looks drowsy...
The iguana hisses angrily.
You hit the iguana. You bite the iguana, but do no damage.
The iguana is lightly wounded.
The iguana bites you.
You hit the iguana.
The iguana is moderately wounded.
The iguana bites you.
You hit the iguana but do no damage.
The iguana is moderately wounded.
The iguana barely misses you.
You hit the iguana but do no damage.
The iguana is moderately wounded.
The iguana bites you!
* * * LOW HITPOINT WARNING * * *
You hit the iguana.
The iguana is heavily wounded.
The iguana bites you!
* * * LOW HITPOINT WARNING * * *
You barely miss the iguana. Your bite misses the iguana.
The iguana is heavily wounded.
The iguana bites you!
You die...

.. # #####.###
#.#........
#.#....l..
#.#.....#
##.##......
......).>##
#..l# #. ##.@#
#.# #..# #.#
#..# ##.#####.##
#.....##.#
#.....##.#######
#...............
#..........#####
#..........#


You could see an iguana.

Vanquished Creatures
  Crazy Yiuf (D:3)
  Ijyb (D:3)
  An orc wizard (D:3)
  6 adders
  3 ribbon worms
  7 orcs (D:3)
  4 endoplasms
  4 giant cockroaches
  4 goblins
  5 hobgoblins
  A quokka (D:3)
  5 ball pythons
  6 bats
  3 frilled lizards
  7 kobolds
  6 rats
64 creatures vanquished.

Notes
Turn   | Place    | Note
-------+----------+-------------------------------------------
     0 | D:1      | Autsider the Vampire Enchanter began the quest for the Orb.
     0 | D:1      | Reached XP level 1. HP: 13/13 MP: 3/3
   625 | D:2      | Reached XP level 2. HP: 19/19 MP: 5/5
   628 | D:2      | Learned a level 2 spell: Ensorcelled Hibernation
   640 | D:2      | Reached skill level 5 in Stealth
   681 | D:2      | Reached skill level 5 in Hexes
   752 | D:2      | Reached skill level 1 in Ice Magic
   972 | D:2      | Gained mutation: You are afflicted with vampirism and can
                  | become a bat while bloodless. [Vampire growth]
   972 | D:2      | Reached XP level 3. HP: 17/24 MP: 3/6
   976 | D:2      | Learned a level 3 spell: Confusing Touch
  1395 | D:3      | Reached XP level 4. HP: 30/30 MP: 7/7
  1565 | D:3      | Noticed Ijyb
  1578 | D:3      | Killed Ijyb
  1838 | D:3      | Reached XP level 5. HP: 34/35 MP: 6/9
  1999 | D:3      | Found a runed translucent door.
  2000 | D:3      | Noticed Crazy Yiuf
  2119 | D:3      | Killed Crazy Yiuf
  2261 | D:4      | Slain by an iguana

Illustrated notes

Levels and vault maps discovered:
D:1:      amcnicky_arrival_blooded_trapdoor, layout_loops_ring
D:2:      layout_loops_cross, amcnicky_mini_pool_small, minmay_split_cup_small
D:3:      layout_loops_ring, uniq_crazy_yiuf_cottage, uniq_ijyb
D:4:      layout_basic, serial_forest, infiniplex_forest_end_2,
          infiniplex_forest_end_1, infiniplex_forest_straight_4,
          infiniplex_forest_corner_2, infiniplex_forest_clump_C,
          infiniplex_forest_zigzag_1

Skill      XL: |  1  2  3  4  5 |
---------------+----------------+-----
Stealth        | 5 6 |  6.5
Hexes          | 5 6 |  6.2
Ice Magic      | 2 |  2.0
Spellcasting   | 3 |  3.0
Short Blades   | |  1.1
Dodging        | |  2.1

Action                     |  1- 3 |  4- 6 || total
---------------------------+-------+-------++-------
  Melee: Dagger            |   108 |    78 ||   186
         Bite              |     7 |     7 ||    14
   Cast: Ensorcelled Hiber |     7 |    16 ||    23
    Use: Scroll            |     1 |       ||     1
   Stab: Sleeping          |    14 |    18 ||    32
         Distracted        |     1 |       ||     1
 Armour: Robe              |    55 |    40 ||    95
  Dodge: Dodged            |    56 |    27 ||    83

Table legend: (Time is in decaauts)
 A = Elapsed time spent in this place.
 B = Non-inter-level travel time spent in this place.
 C = Inter-level travel time spent in this place.
 D = Time resting spent in this place.
 E = Time spent auto-exploring this place.
 F = Levels seen in this place.
 G = Mean time per level.
                   A        B        C        D        E       F      G
               +--------+--------+--------+--------+--------+-----+--------+
         Total |   2250 |   2085 |    165 |    154 |   1414 |   4 |  562.5 |
       Dungeon |   2250 |   2085 |    165 |    154 |   1414 |   4 |  562.5 |
               +--------+--------+--------+--------+--------+-----+--------+

Top non-repeatable levels by time:
     D:3: 840 daAuts
     D:2: 739 daAuts
     D:1: 615 daAuts
     D:4: 55 daAuts
